| TOP OF THE 1ST |
|
Lexington Legends batting - Pitching for Lansing Lugnuts : RHP Manny Solis
|
|
Pitching: RHP Manny Solis
|
|
|
Batting: RHB Doug Carter
|
0-0: Ball 1-0: Fly out, F9 (Flyball, 9LM, EV 101.9 MPH)
|
|
Batting: RHB Franklin Salazar
|
0-0: Ground out 6-3 (Groundball, 6D, EV 101.2 MPH)
|
|
Batting: RHB Andy Urquhart
|
0-0: Called Strike 0-1: Ball 1-1: Foul Ball, location: 2F 1-2: Ground out 5-3 (Groundball, 56, EV 88.1 MPH)
|
| Top of the 1st over - 0 runs, 0 hits, 0 errors, 0 left on base; Lexington 0 - Lansing 0 |
| BOTTOM OF THE 1ST |
|
Lansing Lugnuts batting - Pitching for Lexington Legends : RHP Franklin Salazar
|
|
Pitching: RHP Franklin Salazar
|
|
|
Batting: RHB Tokuji Kawabata
|
0-0: Ball 1-0: Swinging Strike 1-1: DOUBLE (Flyball, 89XD, EV 108.1 MPH)
|
|
Batting: SHB Ryan Chicoine
|
0-0: Ball 1-0: Foul Ball, location: 2F 1-1: Swinging Strike 1-2: SINGLE (Flyball, 6MD, EV 88.8 MPH) Tokuji Kawabata to third
|
|
Batting: RHB Wade Diamond
|
0-0: Ball Ryan Chicoine steals 2nd base 1-0: Ball 2-0: SINGLE (Groundball, 6S, EV 66.9 MPH) (infield hit) Tokuji Kawabata scores Ryan Chicoine to third
|
|
Batting: LHB Aaron Caron
|
0-0: Ball 1-0: Called Strike 1-1: Fly out, F7 (Flyball, 78M, EV 84.4 MPH)
|
|
Batting: RHB Dylan Phillips
|
0-0: Ball Wade Diamond steals 2nd base (no throw) 1-0: Ball 2-0: Called Strike 2-1: Ball 3-1: Base on Balls
|
|
Batting: RHB Chris Martin
|
0-0: Ball 1-0: Ball 2-0: SINGLE (Groundball, 5S, EV 70.0 MPH) (infield hit) Ryan Chicoine scores Wade Diamond to third Dylan Phillips to second
|
|
Pitching: RHP Tony Jimenez
|
|
|
Batting: RHB Brian Manson
|
0-0: Ball 1-0: Ball 2-0: Ball 3-0: Base on Balls Wade Diamond scores Dylan Phillips to third Chris Martin to second
|
|
Batting: LHB Roger Escareno
|
0-0: Ball 1-0: Fly out, F7 (Line Drive, 7S, EV 97.5 MPH)
|
|
Batting: RHB Frank Caulfield
|
0-0: Called Strike 0-1: Ball 1-1: Foul Ball, location: 2F 1-2: SINGLE (Groundball, 4M, EV 103.8 MPH) (infield hit) Dylan Phillips scores Chris Martin to third Brian Manson to second
|
|
Batting: RHB Tokuji Kawabata
|
0-0: Ball 1-0: SINGLE (Line Drive, 34D, EV 98.8 MPH) Chris Martin scores Brian Manson to third Frank Caulfield to second Runner from 3rd tries for Home, SAFE, throw by RF to home
|
|
Batting: SHB Ryan Chicoine
|
0-0: Ball 1-0: Ball 2-0: Ball 3-0: Base on Balls Frank Caulfield to third Tokuji Kawabata to second
|
|
Batting: RHB Wade Diamond
|
0-0: Called Strike 0-1: Ball 1-1: Called Strike 1-2: Ball 2-2: Ball 3-2: Base on Balls Frank Caulfield scores Tokuji Kawabata to third Ryan Chicoine to second
|
|
Pitching: RHP Rich Frontczak
|
|
|
Batting: LHB Aaron Caron
|
0-0: Foul Ball, location: 2F 0-1: Fly out, F8 (Flyball, 8RD, EV 96.9 MPH)
|
| Bottom of the 1st over - 7 runs, 6 hits, 0 errors, 3 left on base; Lexington 0 - Lansing 7 |
| TOP OF THE 2ND |
|
Lexington Legends batting - Pitching for Lansing Lugnuts : RHP Manny Solis
|
|
Batting: RHB Pete Deschamps
|
0-0: Called Strike 0-1: Foul Ball, location: 2F 0-2: Ball 1-2: Strikes out swinging
|
|
Batting: LHB Robert Wilkins
|
0-0: Ball 1-0: Swinging Strike 1-1: Ground out 6-3 (Groundball, 6, EV 81.2 MPH)
|
|
Batting: RHB Ben Garrett
|
0-0: Ball 1-0: Foul Ball, location: 2F 1-1: Swinging Strike 1-2: Strikes out swinging
|
| Top of the 2nd over - 0 runs, 0 hits, 0 errors, 0 left on base; Lexington 0 - Lansing 7 |
| BOTTOM OF THE 2ND |
|
Lansing Lugnuts batting - Pitching for Lexington Legends : RHP Rich Frontczak
|
|
Batting: RHB Dylan Phillips
|
0-0: Ball 1-0: Ball 2-0: SINGLE (Groundball, 56D, EV 109.4 MPH)
|
|
Batting: RHB Chris Martin
|
0-0: Called Strike Dylan Phillips steals 2nd base (no throw) 0-1: Called Strike 0-2: Ground out 5-3 (Groundball, 56S, EV 77.5 MPH)
|
|
Batting: RHB Brian Manson
|
0-0: Ball 1-0: Ball 2-0: Ball 3-0: Base on Balls
|
|
Batting: LHB Roger Escareno
|
0-0: Ball 1-0: SINGLE (Groundball, 25, EV 61.9 MPH) (infield hit) Dylan Phillips to third Brian Manson to second
|
|
Batting: RHB Frank Caulfield
|
0-0: Foul Ball, location: 2F 0-1: Ball 1-1: TRIPLE (Line Drive, 9LD, EV 106.2 MPH) Dylan Phillips scores Brian Manson scores Roger Escareno scores
|
|
Batting: RHB Tokuji Kawabata
|
0-0: Ball 1-0: SINGLE (Groundball, 6MD, EV 96.9 MPH) Frank Caulfield scores
|
|
Pitching: RHP Howie Seidler
|
|
|
Batting: SHB Ryan Chicoine
|
0-0: Called Strike 0-1: Foul Ball, location: 2F 0-2: Strikes out swinging
|
|
Batting: RHB Wade Diamond
|
0-0: Fly out, F9 (Flyball, 9LS, EV 88.8 MPH)
|
| Bottom of the 2nd over - 4 runs, 4 hits, 0 errors, 1 left on base; Lexington 0 - Lansing 11 |
| TOP OF THE 3RD |
|
Lexington Legends batting - Pitching for Lansing Lugnuts : RHP Manny Solis
|
|
Batting: LHB David Bearden
|
0-0: Foul Ball, location: 2F 0-1: Ball 1-1: Ball 2-1: Called Strike 2-2: Foul Ball, location: 2F 2-2: Ground out U3 (Groundball, 34S, EV 85.0 MPH)
|
|
Batting: RHB Kunimatsu Oya
|
0-0: Ball 1-0: Ball 2-0: Fly out, F4 (Popup, 4M, EV 52.5 MPH)
|
|
Batting: RHB Eric Erickson
|
0-0: Swinging Strike 0-1: Foul Ball, location: 2F 0-2: Foul Ball, location: 2F 0-2: Foul Ball, location: 2F 0-2: Ball 1-2: Ball 2-2: Strikes out swinging
|
| Top of the 3rd over - 0 runs, 0 hits, 0 errors, 0 left on base; Lexington 0 - Lansing 11 |
| BOTTOM OF THE 3RD |
|
Lansing Lugnuts batting - Pitching for Lexington Legends : RHP Howie Seidler
|
|
Batting: LHB Aaron Caron
|
0-0: Ball 1-0: Foul Ball, location: 2F 1-1: Foul Ball, location: 2F 1-2: Ground out 1-4-3 (Groundball, 15S, EV 103.1 MPH)
|
|
Batting: RHB Dylan Phillips
|
0-0: Called Strike 0-1: Foul Ball, location: 2F 0-2: SINGLE (Flyball, 4D, EV 91.2 MPH)
|
|
Batting: RHB Chris Martin
|
0-0: Ball 1-0: Ball 2-0: Ball 3-0: Called Strike 3-1: Foul Ball, location: 2F 3-2: Base on Balls Dylan Phillips to second
|
|
Batting: RHB Brian Manson
|
0-0: Foul Ball, location: 2F 0-1: Ball 1-1: Swinging Strike 1-2: Ball 2-2: Grounds into double play, 5-4-3 (Groundball, 56S, EV 86.9 MPH)
|
| Bottom of the 3rd over - 0 runs, 1 hit, 0 errors, 1 left on base; Lexington 0 - Lansing 11 |
| TOP OF THE 4TH |
|
Lexington Legends batting - Pitching for Lansing Lugnuts : RHP Manny Solis
|
|
Batting: RHB Doug Carter
|
0-0: Ground out 3-1 (Groundball, 34, EV 92.5 MPH)
|
|
Batting: RHB Franklin Salazar
|
0-0: Foul Ball, location: 2F 0-1: Ball 1-1: Ball 2-1: Foul Ball, location: 2F 2-2: Ball 3-2: Foul Ball, location: 2F 3-2: Base on Balls
|
|
Batting: RHB Andy Urquhart
|
0-0: Ball Franklin Salazar steals 2nd base 1-0: Ball 2-0: Ball 3-0: Called Strike 3-1: SINGLE (Line Drive, 6MD, EV 103.1 MPH) Franklin Salazar to third
|
|
Batting: RHB Pete Deschamps
|
0-0: Ball 1-0: Called Strike Andy Urquhart steals 2nd base 1-1: Ball 2-1: Swinging Strike 2-2: Ground out 3-1 (Groundball, 34, EV 86.9 MPH) Franklin Salazar scores Andy Urquhart to third
|
|
Batting: LHB Robert Wilkins
|
0-0: Called Strike 0-1: Ball 1-1: Foul Ball, location: 2F 1-2: Strikes out looking
|
| Top of the 4th over - 1 run, 1 hit, 0 errors, 1 left on base; Lexington 1 - Lansing 11 |
| BOTTOM OF THE 4TH |
|
Lansing Lugnuts batting - Pitching for Lexington Legends : RHP Howie Seidler
|
|
Pitching: LHP Hyoji Kawabata
|
|
|
Batting: LHB Roger Escareno
|
0-0: Called Strike 0-1: Ball 1-1: Ball 2-1: Ground out 4-3 (Groundball, 34D, EV 80.0 MPH)
|
|
Batting: RHB Frank Caulfield
|
0-0: Ground out 6-3 (Groundball, 6, EV 108.8 MPH)
|
|
Batting: RHB Tokuji Kawabata
|
0-0: Ball 1-0: Ball 2-0: Called Strike 2-1: Swinging Strike 2-2: Foul Ball, location: 2F 2-2: Ball 3-2: Base on Balls
|
|
Batting: SHB Ryan Chicoine
|
0-0: Swinging Strike 0-1: Called Strike 0-2: Foul Ball, location: 2F 0-2: Ball 1-2: Ball 2-2: Ball 3-2: Foul Ball, location: 2F 3-2: Base on Balls Tokuji Kawabata to second
|
|
Pitching: LHP Tyler Abraham
|
|
|
Batting: RHB Wade Diamond
|
0-0: Ball 1-0: Ball 2-0: Ball 3-0: Base on Balls Tokuji Kawabata to third Ryan Chicoine to second
|
|
Batting: LHB Aaron Caron
|
0-0: Ball 1-0: Ball 2-0: Ball 3-0: Called Strike 3-1: Called Strike 3-2: Foul Ball, location: 2F 3-2: Foul Ball, location: 2F 3-2: SINGLE (Groundball, 34S, EV 96.2 MPH) Tokuji Kawabata scores Ryan Chicoine to third Wade Diamond to second Ryan Chicoine scores Wade Diamond to third
|
|
Batting: RHB Dylan Phillips
|
0-0: DOUBLE (Groundball, 5L, EV 97.5 MPH) Wade Diamond scores Aaron Caron to third
|
|
Batting: RHB Chris Martin
|
0-0: Called Strike 0-1: Called Strike 0-2: Ground out 3-1 (Groundball, 34S, EV 72.5 MPH)
|
| Bottom of the 4th over - 3 runs, 2 hits, 0 errors, 2 left on base; Lexington 1 - Lansing 14 |
| TOP OF THE 5TH |
|
Lexington Legends batting - Pitching for Lansing Lugnuts : RHP Manny Solis
|
|
Batting: RHB Ben Garrett
|
0-0: Fly out, F3 (Popup, 3SF, EV 63.1 MPH)
|
|
Batting: LHB David Bearden
|
0-0: Ground out 5-3 (Groundball, 56, EV 100.6 MPH)
|
|
Batting: RHB Kunimatsu Oya
|
0-0: Called Strike 0-1: Fly out, F6 (Popup, 6, EV 56.9 MPH)
|
| Top of the 5th over - 0 runs, 0 hits, 0 errors, 0 left on base; Lexington 1 - Lansing 14 |
| BOTTOM OF THE 5TH |
|
Lansing Lugnuts batting - Pitching for Lexington Legends : LHP Tyler Abraham
|
|
Batting: RHB Brian Manson
|
0-0: Ball 1-0: Ball 2-0: Foul Ball, location: 2F 2-1: Ball 3-1: Called Strike 3-2: Foul Ball, location: 2F 3-2: Base on Balls
|
|
Pitching: RHP Junsuke Abe
|
|
|
Batting: LHB Roger Escareno
|
0-0: Ball 1-0: Fly out, F8 (Flyball, 8LD, EV 95.6 MPH)
|
|
Batting: RHB Frank Caulfield
|
0-0: SINGLE (Line Drive, 4MD, EV 94.4 MPH) Brian Manson to second
|
|
Batting: RHB Tokuji Kawabata
|
0-0: Ball 1-0: Foul Ball, location: 2F 1-1: Ball 2-1: DOUBLE (Line Drive, 9LM, EV 98.8 MPH) Brian Manson scores Frank Caulfield to third Runner from 3rd tries for Home, SAFE, no throw by RF
|
|
Batting: SHB Ryan Chicoine
|
0-0: Ball 1-0: Foul Ball, location: 2F 1-1: Ground out U3 (Groundball, 3, EV 83.8 MPH) Tokuji Kawabata to third
|
|
Batting: RHB Wade Diamond
|
0-0: Foul Ball, location: 2F 0-1: Foul Ball, location: 2F 0-2: Ball 1-2: Fly out, F8 (Flyball, 89S, EV 83.8 MPH)
|
| Bottom of the 5th over - 2 runs, 2 hits, 0 errors, 1 left on base; Lexington 1 - Lansing 16 |
| TOP OF THE 6TH |
|
Lexington Legends batting - Pitching for Lansing Lugnuts : RHP Manny Solis
|
|
Batting: RHB Eric Erickson
|
0-0: Ball 1-0: Ball 2-0: Ball 3-0: Called Strike 3-1: Ground out 4-3 (Groundball, 4, EV 109.4 MPH)
|
|
Batting: RHB Doug Carter
|
0-0: Ball 1-0: Ground out 4-3 (Groundball, 4, EV 108.8 MPH)
|
|
Batting: RHB Franklin Salazar
|
0-0: Ball 1-0: Ball 2-0: Foul Ball, location: 2F 2-1: Foul Ball, location: 2F 2-2: Ground out 6-3 (Groundball, 56, EV 103.8 MPH)
|
| Top of the 6th over - 0 runs, 0 hits, 0 errors, 0 left on base; Lexington 1 - Lansing 16 |
| BOTTOM OF THE 6TH |
|
Lansing Lugnuts batting - Pitching for Lexington Legends : RHP Junsuke Abe
|
|
Batting: LHB Aaron Caron
|
0-0: Called Strike 0-1: Ball 1-1: Ball 2-1: Ball 3-1: Base on Balls
|
|
Pitching: RHP Gary Ackerman
|
|
|
Batting: RHB Dylan Phillips
|
0-0: DOUBLE (Line Drive, 9LM, EV 106.2 MPH) Aaron Caron to third
|
|
Batting: RHB Chris Martin
|
0-0: Ball 1-0: Foul Ball, location: 2F 1-1: Ball 2-1: Ball 3-1: SINGLE (Groundball, 56D, EV 108.1 MPH) Aaron Caron scores Dylan Phillips to third
|
|
Batting: RHB Brian Manson
|
0-0: SINGLE (Groundball, 34D, EV 103.8 MPH) (infield hit) Dylan Phillips scores Chris Martin to second
|
|
Batting: LHB Roger Escareno
|
0-0: Called Strike 0-1: Ball Passed Ball! Chris Martin to third Brian Manson to second 1-1: Ball 2-1: Ball 3-1: Base on Balls
|
|
Batting: RHB Frank Caulfield
|
0-0: Ball 1-0: Called Strike 1-1: Grounds into double play, 5-4-3 (Groundball, 5S, EV 86.9 MPH) Chris Martin scores Brian Manson to third
|
|
Batting: RHB Tokuji Kawabata
|
0-0: Ball 1-0: Foul Ball, location: 2F 1-1: Foul Ball, location: 2F 1-2: Foul Ball, location: 2F 1-2: Ball 2-2: Ball 3-2: Base on Balls
|
|
Pitching: RHP Alex Sanders
|
|
|
Batting: SHB Ryan Chicoine
|
0-0: Ball 1-0: Foul Ball, location: 2F 1-1: Ball 2-1: Foul Ball, location: 2F 2-2: Foul Ball, location: 2F 2-2: Strikes out swinging
|
| Bottom of the 6th over - 3 runs, 3 hits, 0 errors, 2 left on base; Lexington 1 - Lansing 19 |
| TOP OF THE 7TH |
|
Lexington Legends batting - Pitching for Lansing Lugnuts : RHP Manny Solis
|
|
Batting: RHB Andy Urquhart
|
0-0: Foul Ball, location: 2F 0-1: Ball 1-1: Called Strike 1-2: Fly out, F9 (Flyball, 9D, EV 88.1 MPH)
|
|
Batting: RHB Pete Deschamps
|
0-0: Ground out 6-3 (Groundball, 6, EV 103.8 MPH)
|
|
Batting: LHB Robert Wilkins
|
0-0: Swinging Strike 0-1: Swinging Strike 0-2: Ball 1-2: SINGLE (Line Drive, 8LS, EV 95.6 MPH)
|
|
Batting: RHB Ben Garrett
|
0-0: Foul Ball, location: 2F 0-1: Ball 1-1: SINGLE (Groundball, 6D, EV 96.9 MPH) Robert Wilkins to second
|
|
Batting: LHB David Bearden
|
0-0: Ball 1-0: Ball 2-0: Fly out, F7 (Line Drive, 78S, EV 90.0 MPH)
|
| Top of the 7th over - 0 runs, 2 hits, 0 errors, 2 left on base; Lexington 1 - Lansing 19 |
| BOTTOM OF THE 7TH |
|
Lansing Lugnuts batting - Pitching for Lexington Legends : RHP Alex Sanders
|
|
Batting: RHB Wade Diamond
|
0-0: Swinging Strike 0-1: Ball 1-1: Ball 2-1: Foul Ball, location: 2F 2-2: Ball 3-2: Ground out 1-3 (Groundball, 13S, EV 72.5 MPH)
|
|
Batting: LHB Aaron Caron
|
0-0: Ball 1-0: Ball 2-0: Ball 3-0: Base on Balls
|
|
Batting: RHB Dylan Phillips
|
0-0: Hit by Pitch Aaron Caron to second
|
|
Batting: RHB Chris Martin
|
0-0: Foul Ball, location: 2F 0-1: Foul Ball, location: 2F 0-2: Foul Ball, location: 2F 0-2: Strikes out swinging
|
|
Pitching: RHP Michiyo Takayama
|
|
|
Batting: RHB Brian Manson
|
0-0: Foul Ball, location: 2F 0-1: Ball 1-1: Ball 2-1: Ball 3-1: Base on Balls Aaron Caron to third Dylan Phillips to second
|
|
Batting: LHB Roger Escareno
|
0-0: Ball 1-0: Ball 2-0: Called Strike 2-1: Foul Ball, location: 2F 2-2: Foul Ball, location: 2F 2-2: Ball 3-2: Base on Balls Aaron Caron scores Dylan Phillips to third Brian Manson to second
|
|
Batting: RHB Frank Caulfield
|
0-0: SINGLE (Flyball, 3D, EV 90.0 MPH) Dylan Phillips scores Brian Manson to third Roger Escareno to second Runner from 3rd tries for Home, SAFE, throw by RF to home
|
|
Batting: RHB Tokuji Kawabata
|
0-0: Called Strike 0-1: Swinging Strike 0-2: Ball 1-2: SINGLE (Groundball, 25, EV 63.1 MPH) (infield hit) Roger Escareno to third Frank Caulfield to second
|
|
Batting: SHB Ryan Chicoine
|
0-0: Called Strike 0-1: Ball 1-1: Ball 2-1: Called Strike 2-2: Fly out, F9 (Flyball, 9, EV 86.2 MPH)
|
| Bottom of the 7th over - 3 runs, 2 hits, 0 errors, 3 left on base; Lexington 1 - Lansing 22 |
| TOP OF THE 8TH |
|
Lexington Legends batting - Pitching for Lansing Lugnuts : RHP Manny Solis
|
|
Batting: RHB Kunimatsu Oya
|
0-0: Foul Ball, location: 2F 0-1: Swinging Strike 0-2: Ground out 5-3 (Groundball, 56, EV 95.6 MPH)
|
|
Batting: RHB Eric Erickson
|
0-0: Ball 1-0: Ball 2-0: Ball 3-0: Base on Balls
|
|
Batting: RHB Doug Carter
|
0-0: Called Strike 0-1: Ball 1-1: Swinging Strike 1-2: Strikes out swinging
|
|
Batting: RHB Franklin Salazar
|
0-0: Foul Ball, location: 2F 0-1: Ball Wild Pitch! Eric Erickson to second 1-1: Ball 2-1: SINGLE (Groundball, 6MD, EV 106.9 MPH) Eric Erickson to third Runner from 3rd tries for Home, SAFE, throw by CF to home
|
|
Batting: RHB Andy Urquhart
|
0-0: Ball 1-0: Called Strike 1-1: Foul Ball, location: 2F 1-2: Strikes out looking
|
| Top of the 8th over - 1 run, 1 hit, 0 errors, 1 left on base; Lexington 2 - Lansing 22 |
| BOTTOM OF THE 8TH |
|
Lansing Lugnuts batting - Pitching for Lexington Legends : RHP Michiyo Takayama
|
|
Pitching: RHP Nate De Jongh
|
|
|
Batting: RHB Wade Diamond
|
0-0: Ball 1-0: Ball 2-0: Ball 3-0: Base on Balls
|
|
Batting: LHB Aaron Caron
|
0-0: Ball 1-0: Ball 2-0: Ball 3-0: Base on Balls Wade Diamond to second
|
|
Batting: RHB Dylan Phillips
|
0-0: Foul Ball, location: 2F 0-1: Called Strike 0-2: Ball 1-2: Ball 2-2: Ball 3-2: Strikes out swinging
|
|
Batting: RHB Chris Martin
|
0-0: Called Strike 0-1: Ball 1-1: Grounds into double play, 4-6-3 (Groundball, 4, EV 108.8 MPH)
|
| Bottom of the 8th over - 0 runs, 0 hits, 0 errors, 1 left on base; Lexington 2 - Lansing 22 |
| TOP OF THE 9TH |
|
Lexington Legends batting - Pitching for Lansing Lugnuts : RHP Manny Solis
|
|
Batting: RHB Pete Deschamps
|
0-0: Ball 1-0: Ground out 6-3 (Groundball, 6, EV 108.8 MPH)
|
|
Batting: LHB Robert Wilkins
|
0-0: Foul Ball, location: 2F 0-1: Ball 1-1: Ground out 4-3 (Groundball, 4M, EV 83.8 MPH)
|
|
Batting: RHB Ben Garrett
|
0-0: Ball 1-0: Ball 2-0: Called Strike 2-1: Foul Ball, location: 2F 2-2: Foul Ball, location: 2F 2-2: Ball 3-2: Strikes out swinging
|
| Top of the 9th over - 0 runs, 0 hits, 0 errors, 0 left on base; Lexington 2 - Lansing 22 |
|